 Dungeon Crawl Stone Soup version 0.19-a0-1238-gee6bd96 (webtiles) character file.

454 PurpleRed the Conjurer (level 6, -9/32 HPs)
             Began as a Deep Elf Conjurer on Aug 26, 2016.
             Mangled by an orc warrior
             ... wielding a +0 flail
              (13 damage)
             ... on level 6 of the Dungeon.
             The game lasted 00:10:29 (1014 turns).

PurpleRed the Conjurer (Deep Elf Conjurer)          Turns: 1014, Time: 00:10:29

Health: -9/32      AC:  7    Str:  5    XL:     6   Next: 76%
Magic:  0/16       EV: 13    Int: 22    God:
Gold:   172        SH:  0    Dex: 15    Spells: 4 memorised, 4 levels left

rFire  . . .     SeeInvis .     d - +4 quarterstaff (chaos)
rCold  . . .     Gourm    .     a - +0 robe
rNeg   . . .     Faith    .     (shield currently unavailable)
rPois  .         Spirit   .     h - +2 helmet
rElec  .         Dismiss  .     g - +0 cloak
rCorr  .         Reflect  .     (no gloves)
MR     .....     Harm     .     m - +0 pair of boots
Stlth  ++........               (no amulet)
                                (no ring)
                                (no ring)

@: drained
A: no striking features
a: no special abilities


You were on level 6 of the Dungeon.
You were near starving.

You visited 1 branch of the dungeon, and saw 7 of its levels.

You collected 172 gold pieces.

Inventory:

Hand Weapons
 d - a +4 quarterstaff of chaos (weapon)
 f - a +0 war axe
Armour
 a - a +0 robe (worn)
 g - a +0 cloak (worn)
 h - a +2 helmet (worn)
 m - a +0 pair of boots (worn)
Magical Staves
 k - an uncursed staff of fire
Scrolls
 e - a scroll of fog
 j - a scroll of identify
Books
 b - a book of Conjurations

   Spells                             Type                      Level
   a - Magic Dart                     Conjuration                  1
   b - Searing Ray                    Conjuration                  2
   c - Dazzling Spray                 Conjuration/Hexes            3
   d - Fulminant Prism                Conjuration/Hexes            4
   e - Iskenderun's Mystic Blast      Conjuration                  4
   f - Iskenderun's Battlesphere      Conjuration/Charms           5
Comestibles
 c - a bread ration
 i - a slice of pizza
 l - a beef jerky


   Skills:
 - Level 2.4(2.3) Dodging
 - Level 2.4(2.3) Stealth
 + Level 5.9(5.8) Spellcasting
 * Level 7.4 Conjurations
 + Level 2.8 Charms


You had 4 spell levels left.
You knew the following spells:

 Your Spells              Type           Power        Failure   Level  Hunger
a - Magic Dart            Conj           ####         1%          1    None
b - Searing Ray           Conj           #####.       1%          2    None
c - Iskenderun's Mystic   Conj           #####...     6%          4    ####...
d - Iskenderun's Battles  Conj/Chrm      ####....     34%         5    #####..


Dungeon Overview and Level Annotations

Branches:
Dungeon (7/15)             Temple (0/1) D:6

Altars:

Annotations:
D:4 Blork the orc; Killer1's ghost, amateur MiBe


Message History

The searing ray hits the hound.
The hound is heavily wounded.
Your battlesphere fires!
The barrage of energy hits the hound.
You kill the hound!
The searing ray hits the orc warrior.
The orc warrior is heavily wounded.
Your battlesphere fires!
The barrage of energy hits the orc warrior.
The orc warrior is severely wounded.
The orc warrior hits you with a flail!
* * * LOW HITPOINT WARNING * * *
The searing ray hits the orc warrior.
The orc warrior is severely wounded.
You finish channeling your searing ray.
Your battlesphere fires!
The barrage of energy hits the orc warrior.
The orc warrior is severely wounded.
The orc warrior hits you with a flail!
You die...

..............#..))...(......
...........(..#####..........
#............................
#.................##.........
..........>..##..............
...[###.#.......####.#.###...
....###...#######....#..# #..
..#........######o#####.# ##
.>.......#......@.# ..
#.######.............# ###
#.# #####....*....# ..#
#.........# ### #.........#
#........... #......^..#..
#.........#..


You could see an orc warrior and a friendly battlesphere.

Vanquished Creatures
  Sigmund (D:4)
  A water moccasin skeleton (D:5)
  2 orc priests (D:6)
  A hound (D:6)
  Crazy Yiuf (D:4)
  2 worker ants
  3 adders
  A gnoll (D:3)
  A shadow imp (D:5)
  2 giant geckos (D:3)
  11 orcs
  A ball python (D:1)
  3 giant cockroaches
  2 goblins
  4 hobgoblins
  4 jackals (D:6)
  A quokka (D:3)
  2 bats
  A giant gecko zombie (D:5)
  6 giant newts
  A jackal skeleton (D:4)
  2 kobolds (D:2)
  2 rats
55 creatures vanquished.

Notes
Turn   | Place    | Note
-------+----------+-------------------------------------------
     0 | D:1      | PurpleRed the Deep Elf Conjurer began the quest for the Orb.
     0 | D:1      | Reached XP level 1. HP: 10/10 MP: 6/6
   150 | D:1      | Reached XP level 2. HP: 15/15 MP: 2/8
   154 | D:1      | Learned a level 2 spell: Searing Ray
   249 | D:2      | Reached skill level 5 in Conjurations
   378 | D:3      | Reached XP level 3. HP: 19/19 MP: 5/10
   442 | D:4      | Noticed Sigmund
   455 | D:4      | Killed Sigmund
   455 | D:4      | Reached skill level 5 in Spellcasting
   455 | D:4      | Reached skill level 6 in Conjurations
   455 | D:4      | Reached XP level 4. HP: 18/24 MP: 4/13
   455 | D:4      | Reached XP level 5. HP: 21/28 MP: 4/14
   481 | D:4      | Learned a level 4 spell: Iskenderun's Mystic Blast
   487 | D:4      | Learned a level 5 spell: Iskenderun's Battlesphere
   514 | D:4      | Noticed Blork the orc
   523 | D:4      | Reached skill level 1 in Charms
   544 | D:4      | Noticed Killer1's ghost (amateur MiBe)
   694 | D:3      | Reached XP level 6. HP: 17/32 MP: 2/15
   726 | D:4      | Found a runed door.
   743 | D:4      | Noticed Crazy Yiuf
   746 | D:4      | Killed Crazy Yiuf
   746 | D:4      | Reached skill level 7 in Conjurations
   798 | D:5      | Entered Level 5 of the Dungeon
   953 | D:6      | Found a staircase to the Ecumenical Temple.
   987 | D:6      | Noticed an orc warrior
  1014 | D:6      | Mangled by an orc warrior

Vault maps used:
D:1:      lightli_arrival_statue_moat
D:2:      uniq_robin
D:3:      hex_tiny
D:4:      serial_shops, kennysheep_mini, first_bread, roderic_bali_sauvastika,
          minmay_misc_feat_tower, uniq_blork_the_orc, uniq_sigmund,
          uniq_crazy_yiuf_cottage
D:6:      basic_altar
D:7:      uniq_joseph

Skill      XL: |  1  2  3  4  5  6 |
---------------+-------------------+-----
Conjurations   | 5 6 7 |  7.4
Spellcasting   | 5 |  5.9
Charms         | 1 2 |  2.8
Dodging        | |  2.4
Stealth        | |  2.4

Action                   |  1- 3 |  4- 6 || total
-------------------------+-------+-------++-------
Melee: Unarmed           |     1 |       ||     1
       Staff             |     4 |    14 ||    18
       Quarterstaff      |       |    22 ||    22
       War axe           |       |     4 ||     4
 Cast: Magic Dart        |    23 |    11 ||    34
       Searing Ray       |     5 |    12 ||    17
       Iskenderun's Batt |       |     1 ||     1
  Use: Potion            |     6 |       ||     6
       Scroll            |       |     4 ||     4
 Stab: Sleeping          |       |     3 ||     3
Armor: Robe              |     2 |    19 ||    21
       Skin              |     2 |       ||     2
Dodge: Dodged            |     9 |    49 ||    58
